 Dungeon Crawl Stone Soup version 0.28.0-47-ge53b351184 (webtiles) character file.

Game seed: 2175649067200737868

727 nickcage the Frost Mage (level 7, -9/36 HPs)
             Began as a Deep Elf Ice Elementalist on May 2, 2022.
             Mangled by a hornet zombie (10 damage)
             ... on level 5 of the Dungeon.
             The game lasted 00:21:06 (4945 turns).

nickcage the Frost Mage (Deep Elf Ice Elementalist) Turns: 4945, Time: 00:21:07

Health: -9/36      AC:  6    Str:  5    XL:     7   Next: 44%
Magic:  18/18      EV: 12    Int: 22    God:
Gold:   229        SH:  0    Dex: 15    Spells: 7/18 levels left

rFire   . . .      SeeInvis .   u - +4 quarterstaff (chaos)
rCold   + . .      Faith    .   (shield currently unavailable)
rNeg    . . .      Spirit   .   a - +0 robe
rPois   +          Reflect  .   c - +0 helmet
rElec   .          Harm     .   t - +1 cloak
rCorr   .          Rampage  .   m - +0 pair of gloves
Will    .....                   (no boots)
Stlth   ++........              (no amulet)
HPRegen 0.12/turn               h - ring of protection from cold
MPRegen 0.16/turn               l - ring of poison resistance

@: no status effects
A: no striking features
a: no special abilities


You were on level 5 of the Dungeon.
You visited 1 branch of the dungeon, and saw 5 of its levels.

You collected 229 gold pieces.

Inventory:

Hand Weapons
 b - a +0 short sword
 i - a +2 dagger of protection
 u - a +4 quarterstaff of chaos (weapon)
Missiles
 v - 11 poisoned darts
Armour
 a - a +0 robe (worn)
 c - a +0 helmet (worn)
 m - a +0 pair of gloves (worn)
 t - a +1 cloak (worn)
Magical Staves
 s - a staff of air
Jewellery
 h - a ring of protection from cold (left hand)
 l - a ring of poison resistance (right hand)
Scrolls
 e - 2 scrolls of vulnerability {unknown}
 g - 4 scrolls of identify {unknown}
 n - a scroll of fog {unknown}
 o - a scroll of amnesia {unknown}
 r - a scroll of immolation {unknown}
 x - a scroll of silence {unknown}
Potions
 f - 3 potions of curing {unknown}
 j - 2 potions of heal wounds {unknown}
 k - a potion of brilliance {unknown}
 p - 2 potions of magic {unknown}
 q - a potion of degeneration {unknown}
 w - a potion of haste {unknown}
 z - a potion of attraction {unknown}


   Skills:
 + Level 0.2 Fighting
 - Level 2.4 Dodging
 - Level 2.4 Stealth
 - Level 6.0 Spellcasting
 * Level 3.6 Conjurations
 - Level 8.1 Ice Magic


You had 7 spell levels left.
You knew the following spells:

 Your Spells              Type           Power      Damage    Failure   Level
a - Freeze                Ice            100%       1d11      1%          1
b - Frozen Ramparts       Ice            84%        1d10      1%          3
c - Ozocubu's Armour      Ice            42%        N/A       1%          3
d - Hailstorm             Conj/Ice       32%        3d8       9%          4

Your spell library contained the following spells:

 Spells                   Type           Power      Damage    Failure   Level
 Animate Skeleton         Necr           12%        N/A       9%          1
 Pain                     Necr           24%        1d5       9%          1
 Vampiric Draining        Necr           6%         2d6       26%         3


Dungeon Overview and Level Annotations

Branches:
Dungeon (5/15)
 Temple: D:4-7

Altars:

Shops:
D:2 :   D:4 *

Annotations:
D:5 Grinder


Message History

You hit Grinder.
Grinder is moderately wounded.
Grinder gestures at you. Pain shoots through your body!
You sock Grinder! You burn Grinder.
Grinder is heavily wounded.
Grinder hits you!
You writhe in agony.
* * * LOW HITPOINT WARNING * * *
Grinder blinks!
Grinder gestures at you.
You suddenly lose the ability to move!
Grinder hits you.
* * * LOW HITPOINT WARNING * * *
You writhe in agony.
* * * LOW HITPOINT WARNING * * *
You can move again.
You see here a scroll labelled JOATTE DOFALIMN.
As you read the scroll of teleportation, it crumbles to dust.
You feel strangely unstable. Grinder hits you but does no damage.
Grinder blinks!
Found 10 gold pieces.
Your surroundings suddenly seem different.
Grinder shouts!
Magic restored.
Grinder is nearby!
Grinder is nearby!
Grinder blinks!
A hornet zombie comes into view.
You hit the hornet zombie but do no damage.
The hornet zombie hits you but does no damage.
The hornet zombie hits you.
* * * LOW HITPOINT WARNING * * *
You sock the hornet zombie! You burn the hornet zombie.
The hornet zombie is moderately damaged.
The hornet zombie hits you.
* * * LOW HITPOINT WARNING * * *
You barely miss the hornet zombie.
The hornet zombie is moderately damaged.
The hornet zombie misses you. The hornet zombie hits you!
You die...

.+...'......... ##...#.........
.....#......... ##.####'#####..
#..# #.# #
##.###.#########################
#..##..........................
####.############################
................@.............ยง..
####..####.....Z.################
##.## #.......# #..... #..#
#.......# #..... ##.########...
#..... #..# #... #..5.. ##.## #...
#..... ####..# #.... #...?.
#.....# #.####


You could see a hornet zombie.

Vanquished Creatures
  Eustachio (D:5)
  A water moccasin (D:4)
  2 phantoms
  A gnoll shaman (D:5)
  Crazy Yiuf (D:3)
  A hound zombie (D:5)
  4 adders
  11 gnolls
  A worm (D:3)
  A dart slug (D:2)
  8 orcs
  3 bats
  8 endoplasms
  12 giant cockroaches
  10 hobgoblins
  5 jackals (D:1)
  8 kobolds
  7 quokkas
  8 ball pythons
  2 frilled lizards
  7 goblins
  5 rats
107 creatures vanquished.

Notes
Turn   | Place    | Note
-------+----------+-------------------------------------------
     0 | D:1      | nickcage the Deep Elf Ice Elementalist began the quest for
                  | the Orb.
     0 | D:1      | Reached XP level 1. HP: 10/10 MP: 6/6
   251 | D:1      | You fall into a shaft and drop 1 floor!
   323 | D:3      | Reached XP level 2. HP: 15/15 MP: 6/8
   721 | D:3      | Found a faded altar of an unknown god.
   730 | D:3      | Reached skill level 5 in Ice Magic
   987 | D:2      | Reached XP level 3. HP: 19/19 MP: 6/10
  1140 | D:2      | Learned a level 3 spell: Frozen Ramparts
  1147 | D:2      | Learned a level 3 spell: Ozocubu's Armour
  1442 | D:1      | Reached XP level 4. HP: 22/24 MP: 9/12
  2282 | D:2      | Found Ellab's Book Emporium.
  2795 | D:3      | Found a runed translucent door.
  2796 | D:3      | Noticed Crazy Yiuf
  3011 | D:3      | Killed Crazy Yiuf
  3012 | D:3      | Reached skill level 6 in Ice Magic
  3012 | D:3      | Reached XP level 5. HP: 25/28 MP: 4/14
  3330 | D:4      | Noticed a phantom
  3351 | D:4      | Killed a phantom
  3352 | D:4      | Reached skill level 7 in Ice Magic
  3352 | D:4      | Reached XP level 6. HP: 19/32 MP: 4/15
  3685 | D:4      | Noticed a water moccasin
  3814 | D:4      | Killed a water moccasin
  3815 | D:4      | Reached skill level 8 in Ice Magic
  3820 | D:4      | Learned a level 4 spell: Hailstorm
  3842 | D:4      | Reached skill level 5 in Spellcasting
  4017 | D:4      | Found Nonukk's Serpentskin Sales.
  4045 | D:5      | Entered Level 5 of the Dungeon
  4342 | D:5      | Reached skill level 1 in Conjurations
  4573 | D:5      | Reached XP level 7. HP: 34/36 MP: 13/18
  4617 | D:5      | Noticed Grinder
  4828 | D:5      | Noticed Eustachio
  4838 | D:5      | Killed Eustachio
  4911 | D:5      | Paralysed by Grinder for 6 turns
  4916 | D:5      | HP: 1/36 [Grinder (5)]
  4944 | D:5      | HP: 1/36 [hornet zombie (2)]
  4945 | D:5      | Mangled by a hornet zombie

Illustrated notes

Levels and vault maps discovered:
D:1:      dpeg_arrival_solitude, layout_rooms
D:2:      minmay_roachtagon, layout_loops_ring, serial_shops, shop,
          guppyfry_early_orc_mine
D:3:      layout_loops_ring, hellmonk_ecumenical_altar_lost_god,
          grunt_ministairs_3, uniq_crazy_yiuf_cottage
D:4:      layout_rooms, minmay_misc_feat_iff, guppyfry_shop_venom
D:5:      layout_basic, lemuel_old_faithful, uniq_ijyb, uniq_grinder,
          uniq_eustachio

Skill      XL: |  1  2  3  4  5  6  7 |
---------------+----------------------+-----
Ice Magic      | 5 6 7 8 |  8.1
Spellcasting   | 4 6 |  6.0
Conjurations   | 1 3 |  3.6
Fighting       | |  0.2
Dodging        | |  2.4
Stealth        | |  2.4

Action                   |  1- 3 |  4- 6 |  7- 9 || total
-------------------------+-------+-------+-------++-------
Melee: Short sword       |     4 |       |       ||     4
       Dagger            |     2 |    14 |       ||    16
       Quarterstaff      |       |    22 |    14 ||    36
 Cast: Freeze            |    55 |    71 |     3 ||   129
       Frozen Ramparts   |       |    13 |     2 ||    15
       Ozocubu's Armour  |       |    10 |     2 ||    12
       Hailstorm         |       |       |     1 ||     1
  Use: Scroll            |       |       |     2 ||     2
 Stab: Sleeping          |     4 |     9 |       ||    13
       Distracted        |       |     1 |       ||     1
Armor: Robe              |     6 |    34 |     4 ||    44
Dodge: Dodged            |    31 |    44 |     3 ||    78
